TOP OF THE 1ST |
Georgia Bulldogs batting - Pitching for West Virginia Mountaineers : RHP Cliff Long
|
Pitching: RHP Cliff Long
|
|
Batting: RHB Nick Harris
|
0-0: Swinging Strike 0-1: Swinging Strike 0-2: Foul Ball, location: 2F 0-2: Strikes out looking
|
Batting: RHB John Dyer
|
0-0: Ball 1-0: Foul Ball, location: 2F 1-1: Swinging Strike 1-2: Strikes out swinging
|
Batting: RHB Jesús Ortíz
|
0-0: Ball 1-0: Called Strike 1-1: Ground out 6-3 (Groundball, 6M)
|
Top of the 1st over - 0 run(s), 0 hit(s), 0 error(s), 0 left on base; Georgia 0 - West Virginia 0 |
BOTTOM OF THE 1ST |
West Virginia Mountaineers batting - Pitching for Georgia Bulldogs : LHP Jon Vaughn
|
Pitching: LHP Jon Vaughn
|
|
Batting: LHB John Stone
|
0-0: Called Strike 0-1: Ball 1-1: Ball 2-1: Ground out 6-3 (Groundball, 6M)
|
Batting: LHB Dave Gordon
|
0-0: Foul Ball, location: 2F 0-1: Ball 1-1: Called Strike 1-2: Foul Ball, location: 2F 1-2: Ball 2-2: Foul Ball, location: 2F 2-2: Foul Ball, location: 2F 2-2: Foul Ball, location: 2F 2-2: Ball 3-2: Base on Balls
|
Batting: LHB Charlie Hughes
|
0-0: Called Strike 0-1: Swinging Strike 0-2: Ball 1-2: Strikes out swinging
|
Batting: RHB Von Ford
|
0-0: Swinging Strike 0-1: Ball 1-1: Ball 2-1: Ball 3-1: Base on Balls Dave Gordon to second
|
Batting: LHB Buddy Rice
|
0-0: Swinging Strike 0-1: Foul Ball, location: 2F 0-2: Ball 1-2: Strikes out swinging
|
Bottom of the 1st over - 0 run(s), 0 hit(s), 0 error(s), 2 left on base; Georgia 0 - West Virginia 0 |
TOP OF THE 2ND |
Georgia Bulldogs batting - Pitching for West Virginia Mountaineers : RHP Cliff Long
|
Batting: RHB Francisco Rodríguez
|
0-0: Ball 1-0: TRIPLE (Line Drive, 9LS)
|
Batting: SHB Lawrence Farley
|
0-0: Foul Ball, location: 2F 0-1: Foul Ball, location: 2F 0-2: Ball 1-2: DOUBLE (Line Drive, 7LS) Francisco Rodríguez scores
|
Batting: RHB Félix Castro
|
0-0: Ball 1-0: Ball 2-0: Ball 3-0: Base on Balls
|
Batting: RHB Jeremiah Soto
|
0-0: Ball 1-0: Swinging Strike 1-1: Swinging Strike 1-2: Strikes out swinging
|
Batting: LHB Dave Lee
|
0-0: Ball 1-0: Ball 2-0: Fly out, F9 (Flyball, 89M)
|
Batting: RHB Jorge Pérez
|
0-0: Ground out 4-3 (Groundball, 4)
|
Top of the 2nd over - 1 run(s), 2 hit(s), 0 error(s), 2 left on base; Georgia 1 - West Virginia 0 |
BOTTOM OF THE 2ND |
West Virginia Mountaineers batting - Pitching for Georgia Bulldogs : LHP Jon Vaughn
|
Batting: RHB Bobby Armstrong
|
0-0: Ball 1-0: Swinging Strike 1-1: Foul Ball, location: 2F 1-2: Strikes out swinging
|
Batting: RHB Ramón Aranda
|
0-0: Ball 1-0: Called Strike 1-1: Ball 2-1: Called Strike 2-2: Ground out 6-3 (Groundball, 6)
|
Batting: RHB Cal Dorsey
|
0-0: Ball 1-0: Ball 2-0: Foul Ball, location: 2F 2-1: Ball 3-1: Foul Ball, location: 2F 3-2: Base on Balls
|
Batting: RHB Scott Mooney
|
0-0: Ball 1-0: Ball 2-0: Ground out 4-3 (Groundball, 4S)
|
Bottom of the 2nd over - 0 run(s), 0 hit(s), 0 error(s), 1 left on base; Georgia 1 - West Virginia 0 |
TOP OF THE 3RD |
Georgia Bulldogs batting - Pitching for West Virginia Mountaineers : RHP Cliff Long
|
Batting: RHB Nick Harris
|
0-0: Called Strike 0-1: SINGLE (Popup, 8RS)
|
Batting: RHB John Dyer
|
0-0: Ball 1-0: Foul Ball, location: 2F 1-1: Ball 2-1: Foul Ball, location: 2F 2-2: Foul Ball, location: 2F 2-2: Strikes out swinging
|
Batting: RHB Jesús Ortíz
|
0-0: Ball Nick Harris is caught stealing 2nd base 1-0: Ball 2-0: Foul Ball, location: 2F 2-1: Foul Ball, location: 2F 2-2: Foul Ball, location: 2F 2-2: Ground out 5-3 (Groundball, 5)
|
Top of the 3rd over - 0 run(s), 1 hit(s), 0 error(s), 0 left on base; Georgia 1 - West Virginia 0 |
BOTTOM OF THE 3RD |
West Virginia Mountaineers batting - Pitching for Georgia Bulldogs : LHP Jon Vaughn
|
Batting: LHB John Stone
|
0-0: Ball 1-0: Swinging Strike 1-1: Ball 2-1: Ball 3-1: Foul Ball, location: 2F 3-2: Base on Balls
|
Batting: LHB Dave Gordon
|
0-0: Called Strike 0-1: Ball 1-1: Ball 2-1: Ball 3-1: 2-RUN HOME RUN (Flyball, 8RXD), Distance : 388 ft
|
Batting: LHB Charlie Hughes
|
0-0: Called Strike 0-1: Called Strike 0-2: Foul Ball, location: 2F 0-2: Ball 1-2: Fly out, F6 (Line Drive, 6)
|
Batting: RHB Von Ford
|
0-0: Called Strike 0-1: Swinging Strike 0-2: Ball 1-2: Strikes out swinging
|
Batting: LHB Buddy Rice
|
0-0: Called Strike 0-1: DOUBLE (Flyball, 89XD)
|
Batting: RHB Bobby Armstrong
|
0-0: Ball 1-0: Ground out 6-3 (Groundball, 6)
|
Bottom of the 3rd over - 2 run(s), 2 hit(s), 0 error(s), 1 left on base; Georgia 1 - West Virginia 2 |
TOP OF THE 4TH |
Georgia Bulldogs batting - Pitching for West Virginia Mountaineers : RHP Cliff Long
|
Batting: RHB Francisco Rodríguez
|
0-0: Called Strike 0-1: Called Strike 0-2: Ball 1-2: Ball 2-2: Foul Ball, location: 2F 2-2: Ball 3-2: Foul Ball, location: 2F 3-2: Strikes out swinging
|
Batting: SHB Lawrence Farley
|
0-0: Called Strike 0-1: Called Strike 0-2: Ball 1-2: Strikes out swinging
|
Batting: RHB Félix Castro
|
0-0: Fly out, F9 (Flyball, 89D)
|
Top of the 4th over - 0 run(s), 0 hit(s), 0 error(s), 0 left on base; Georgia 1 - West Virginia 2 |
BOTTOM OF THE 4TH |
West Virginia Mountaineers batting - Pitching for Georgia Bulldogs : LHP Jon Vaughn
|
Batting: RHB Ramón Aranda
|
0-0: Called Strike 0-1: Ground out 4-3 (Groundball, 34)
|
Batting: RHB Cal Dorsey
|
0-0: Foul Ball, location: 2F 0-1: Ground out 4-3 (Groundball, 13)
|
Batting: RHB Scott Mooney
|
0-0: Ball 1-0: Called Strike 1-1: Foul Ball, location: 2F 1-2: Foul Ball, location: 2F 1-2: Ball 2-2: Strikes out swinging
|
Bottom of the 4th over - 0 run(s), 0 hit(s), 0 error(s), 0 left on base; Georgia 1 - West Virginia 2 |
TOP OF THE 5TH |
Georgia Bulldogs batting - Pitching for West Virginia Mountaineers : RHP Cliff Long
|
Batting: RHB Jeremiah Soto
|
0-0: Called Strike 0-1: Ball 1-1: Ball 2-1: Foul Ball, location: 2F 2-2: Strikes out swinging
|
Batting: LHB Dave Lee
|
0-0: Called Strike 0-1: Reached on error, E3 (Groundball, 34)
|
Batting: RHB Jorge Pérez
|
0-0: Swinging Strike 0-1: Ball 1-1: Ball 2-1: Ball 3-1: Called Strike 3-2: Foul Ball, location: 2F 3-2: Foul Ball, location: 2F 3-2: Base on Balls
|
Batting: RHB Nick Harris
|
0-0: Ball 1-0: Ball 2-0: Ball 3-0: SINGLE (Flyball, 8RS) Dave Lee to third Jorge Pérez to second Runner from 3rd tries for Home, SAFE, no throw or cutoff
|
Batting: RHB John Dyer
|
0-0: Called Strike 0-1: Foul Ball, location: 2F 0-2: Ball 1-2: Foul Ball, location: 2F 1-2: Ball 2-2: Ball 3-2: Fielders Choice at 2nd, 6-4 (Groundball, 6M) Jorge Pérez to third
|
Pitching: LHP Curt Bennett
|
|
Batting: RHB Jesús Ortíz
|
0-0: Ball 1-0: 3-RUN HOME RUN (Flyball, 8RXD), Distance : 389 ft
|
Batting: RHB Francisco Rodríguez
|
0-0: Ball 1-0: Ball 2-0: Ball 3-0: Called Strike 3-1: Base on Balls
|
Batting: SHB Lawrence Farley
|
0-0: Called Strike 0-1: Ball 1-1: Ball 2-1: Foul Ball, location: 2F 2-2: Strikes out swinging
|
Top of the 5th over - 4 run(s), 2 hit(s), 1 error(s), 1 left on base; Georgia 5 - West Virginia 2 |
BOTTOM OF THE 5TH |
West Virginia Mountaineers batting - Pitching for Georgia Bulldogs : LHP Jon Vaughn
|
Batting: LHB John Stone
|
0-0: Swinging Strike 0-1: Called Strike 0-2: Foul Ball, location: 2F 0-2: Ball 1-2: Fly out, F5 (Popup, 5DF)
|
Pitching: RHP Dave Hinkley
|
|
Batting: LHB Dave Gordon
|
0-0: Called Strike 0-1: Fly out, F7 (Flyball, 78D)
|
Batting: LHB Charlie Hughes
|
0-0: Ball 1-0: Swinging Strike 1-1: Foul Ball, location: 2F 1-2: Ball 2-2: Ball 3-2: Base on Balls
|
Batting: RHB Von Ford
|
0-0: Called Strike 0-1: Swinging Strike 0-2: Fly out, F8 (Flyball, 8RS)
|
Bottom of the 5th over - 0 run(s), 0 hit(s), 0 error(s), 1 left on base; Georgia 5 - West Virginia 2 |
TOP OF THE 6TH |
Georgia Bulldogs batting - Pitching for West Virginia Mountaineers : LHP Curt Bennett
|
Batting: RHB Félix Castro
|
0-0: Ball 1-0: Ball 2-0: Swinging Strike 2-1: Foul Ball, location: 2F 2-2: Foul Ball, location: 2F 2-2: Ball 3-2: Foul Ball, location: 2F 3-2: Strikes out swinging
|
Batting: RHB Jeremiah Soto
|
0-0: Called Strike 0-1: Fly out, F6 (Popup, 6S)
|
Batting: LHB Dave Lee
|
0-0: Ball 1-0: Ball 2-0: Foul Ball, location: 2F 2-1: Ground out 4-3 (Groundball, 4M)
|
Top of the 6th over - 0 run(s), 0 hit(s), 0 error(s), 0 left on base; Georgia 5 - West Virginia 2 |
BOTTOM OF THE 6TH |
West Virginia Mountaineers batting - Pitching for Georgia Bulldogs : RHP Dave Hinkley
|
Batting: LHB Buddy Rice
|
0-0: Called Strike 0-1: SINGLE (Groundball, 34D)
|
Batting: RHB Bobby Armstrong
|
0-0: Ball 1-0: 2-RUN HOME RUN (Flyball, 7D), Distance : 370 ft
|
Batting: RHB Ramón Aranda
|
0-0: Ball 1-0: Ball 2-0: Called Strike 2-1: Called Strike Error on foul ball, E7 2-2: SINGLE (Flyball, 9LS)
|
Batting: RHB Cal Dorsey
|
0-0: Foul Ball, location: 2F 0-1: Ball 1-1: Foul Ball, location: 2F 1-2: Ball 2-2: Ball 3-2: Strikes out swinging
|
Batting: RHB Scott Mooney
|
0-0: Ball 1-0: SINGLE (Flyball, 8LS) Ramón Aranda to second
|
Batting: LHB John Stone
|
0-0: Ball 1-0: Called Strike 1-1: Ball 2-1: Ball 3-1: Called Strike 3-2: Foul Ball, location: 2F 3-2: Foul Ball, location: 2F 3-2: SINGLE (Line Drive, 7S) Ramón Aranda to third Scott Mooney to second
|
Batting: LHB Dave Gordon
|
0-0: Ball 1-0: Grounds into double play, 3-6-1 (Groundball, 3)
|
Bottom of the 6th over - 2 run(s), 5 hit(s), 1 error(s), 2 left on base; Georgia 5 - West Virginia 4 |
TOP OF THE 7TH |
Georgia Bulldogs batting - Pitching for West Virginia Mountaineers : LHP Curt Bennett
|
Batting: RHB Jorge Pérez
|
0-0: Called Strike 0-1: Foul Ball, location: 2F 0-2: Ball 1-2: Foul Ball, location: 2F 1-2: Strikes out swinging
|
Batting: RHB Nick Harris
|
0-0: Swinging Strike 0-1: Ground out 5-3 (Groundball, 56)
|
Batting: RHB John Dyer
|
0-0: Fly out, F8 (Line Drive, 8LM)
|
Top of the 7th over - 0 run(s), 0 hit(s), 0 error(s), 0 left on base; Georgia 5 - West Virginia 4 |
BOTTOM OF THE 7TH |
West Virginia Mountaineers batting - Pitching for Georgia Bulldogs : RHP Dave Hinkley
|
Pitching: RHP Ryan Merritt
|
|
Batting: LHB Charlie Hughes
|
0-0: Ball 1-0: Called Strike 1-1: Called Strike 1-2: Ball 2-2: Ground out 5-3 (Groundball, 56)
|
Batting: RHB Von Ford
|
0-0: Fly out, F9 (Flyball, 9M)
|
Batting: LHB Buddy Rice
|
0-0: Called Strike 0-1: Swinging Strike 0-2: Ball 1-2: Ball 2-2: SINGLE (Groundball, 6MD)
|
Batting: RHB Bobby Armstrong
|
0-0: Fly out, F7 (Flyball, 78S)
|
Bottom of the 7th over - 0 run(s), 1 hit(s), 0 error(s), 1 left on base; Georgia 5 - West Virginia 4 |
TOP OF THE 8TH |
Georgia Bulldogs batting - Pitching for West Virginia Mountaineers : LHP Curt Bennett
|
Pitching: RHP Mitch Boden
|
|
Batting: RHB Jesús Ortíz
|
0-0: Called Strike 0-1: Swinging Strike 0-2: Foul Ball, location: 2F 0-2: Ball 1-2: Hit by Pitch
|
Batting: RHB Francisco Rodríguez
|
0-0: Called Strike 0-1: Swinging Strike 0-2: Strikes out swinging
|
Batting: SHB Lawrence Farley
|
0-0: Called Strike 0-1: Ball 1-1: Ball 2-1: Ball 3-1: Base on Balls Jesús Ortíz to second
|
Batting: RHB Félix Castro
|
0-0: Ball 1-0: Foul Ball, location: 2F 1-1: Ball 2-1: Ball 3-1: Foul Ball, location: 2F 3-2: Strikes out swinging
|
Batting: RHB Jeremiah Soto
|
0-0: Ball 1-0: Ball 2-0: Ball 3-0: Called Strike 3-1: Fielders Choice at 2nd, 5-4 (Groundball, 5)
|
Top of the 8th over - 0 run(s), 0 hit(s), 0 error(s), 1 left on base; Georgia 5 - West Virginia 4 |
BOTTOM OF THE 8TH |
West Virginia Mountaineers batting - Pitching for Georgia Bulldogs : RHP Ryan Merritt
|
Batting: RHB Ramón Aranda
|
0-0: Ball 1-0: Called Strike 1-1: Ball 2-1: Called Strike 2-2: Ball 3-2: Base on Balls
|
Batting: RHB Cal Dorsey
|
0-0: Fly out, F1 (Popup, 2R)
|
Pinch Hitting: RHB Bernardo Enríquez
|
0-0: Ball 1-0: Called Strike 1-1: Grounds into double play, 6-4-3 (Groundball, 6M)
|
Bottom of the 8th over - 0 run(s), 0 hit(s), 0 error(s), 0 left on base; Georgia 5 - West Virginia 4 |
TOP OF THE 9TH |
Georgia Bulldogs batting - Pitching for West Virginia Mountaineers : RHP Mitch Boden
|
Pitching: RHP Cameron Zimmerman
|
|
Now at SS: Anthony Pearce
|
|
Batting: LHB Dave Lee
|
0-0: Ball 1-0: Ball 2-0: Foul Ball, location: 2F 2-1: Swinging Strike 2-2: Ball 3-2: Base on Balls
|
Batting: RHB Jorge Pérez
|
0-0: Foul Ball, location: 2F 0-1: Foul Ball, location: 2F 0-2: Ball 1-2: Ball 2-2: Strikes out swinging
|
Batting: RHB Nick Harris
|
0-0: Ball 1-0: Called Strike 1-1: Ball 2-1: Ball 3-1: Foul Ball, location: 2F 3-2: Grounds into double play, 6-4-3 (Groundball, 6)
|
Top of the 9th over - 0 run(s), 0 hit(s), 0 error(s), 0 left on base; Georgia 5 - West Virginia 4 |
BOTTOM OF THE 9TH |
West Virginia Mountaineers batting - Pitching for Georgia Bulldogs : RHP Ryan Merritt
|
Pitching: RHP Tommy Johnson
|
|
Now in CF: Mike White
|
|
Batting: LHB John Stone
|
0-0: Called Strike 0-1: Called Strike 0-2: Ball 1-2: Fly out, F5 (Popup, 5SF)
|
Batting: LHB Dave Gordon
|
0-0: SINGLE (Groundball, 3L)
|
Batting: LHB Charlie Hughes
|
0-0: Ball 1-0: Swinging Strike 1-1: Ground out 5-3 (Groundball, 56S) Dave Gordon to second
|
Batting: RHB Von Ford
|
0-0: Ball 1-0: Ball Wild Pitch! Dave Gordon to third 2-0: Called Strike 2-1: Ball 3-1: Base on Balls
|
Batting: LHB Buddy Rice
|
0-0: Ball 1-0: Called Strike 1-1: Ball 2-1: Ball 3-1: Base on Balls Von Ford to second
|
Batting: RHB Bobby Armstrong
|
0-0: Ball 1-0: Swinging Strike 1-1: Foul Ball, location: 2F 1-2: Ball 2-2: Ball 3-2: Base on Balls Dave Gordon scores Von Ford to third Buddy Rice to second
|
Batting: RHB Ramón Aranda
|
0-0: Called Strike 0-1: Foul Ball, location: 2F 0-2: Ball 1-2: Foul Ball, location: 2F 1-2: Strikes out swinging
|
Bottom of the 9th over - 1 run(s), 1 hit(s), 0 error(s), 3 left on base; Georgia 5 - West Virginia 5 |
TOP OF THE 10TH |
Georgia Bulldogs batting - Pitching for West Virginia Mountaineers : RHP Cameron Zimmerman
|
Batting: RHB John Dyer
|
0-0: Ball 1-0: Ball 2-0: Foul Ball, location: 2F 2-1: Called Strike 2-2: Strikes out swinging
|
Batting: RHB Jesús Ortíz
|
0-0: Called Strike 0-1: Foul Ball, location: 2F 0-2: Ball 1-2: Strikes out looking
|
Batting: RHB Francisco Rodríguez
|
0-0: Ball 1-0: Fly out, F9 (Flyball, 9LM)
|
Top of the 10th over - 0 run(s), 0 hit(s), 0 error(s), 0 left on base; Georgia 5 - West Virginia 5 |
BOTTOM OF THE 10TH |
West Virginia Mountaineers batting - Pitching for Georgia Bulldogs : RHP Tommy Johnson
|
Pinch Hitting: RHB Vic Edwards
|
0-0: Ball 1-0: Foul Ball, location: 2F 1-1: Ball 2-1: Called Strike 2-2: Foul Ball, location: 2F 2-2: Foul Ball, location: 2F 2-2: Foul Ball, location: 2F 2-2: Foul Ball, location: 2F 2-2: Ball 3-2: Base on Balls
|
Batting: RHB Anthony Pearce
|
0-0: Bunt - Flyout! F2
|
Batting: LHB John Stone
|
0-0: Fly out, F6 (Popup, 6D)
|
Batting: LHB Dave Gordon
|
0-0: Called Strike 0-1: Hit by Pitch Vic Edwards to second
|
Pinch Runner at 2nd Curt Watts:
|
|
Batting: LHB Charlie Hughes
|
0-0: Foul Ball, location: 2F 0-1: Ball 1-1: Ball 2-1: Ball 3-1: Swinging Strike 3-2: Base on Balls Curt Watts to third Dave Gordon to second
|
Batting: RHB Von Ford
|
0-0: Called Strike 0-1: Foul Ball, location: 2F 0-2: Ball 1-2: Ball 2-2: Ball 3-2: Strikes out swinging
|
Bottom of the 10th over - 0 run(s), 0 hit(s), 0 error(s), 3 left on base; Georgia 5 - West Virginia 5 |
TOP OF THE 11TH |
Georgia Bulldogs batting - Pitching for West Virginia Mountaineers : RHP Cameron Zimmerman
|
Pitching: RHP Peter Davis
|
|
Now at 1B: Curt Watts
|
|
Batting: SHB Lawrence Farley
|
0-0: Called Strike 0-1: Swinging Strike 0-2: Ball 1-2: Ball 2-2: Strikes out swinging
|
Batting: RHB Félix Castro
|
0-0: SINGLE (Line Drive, 9LS)
|
Batting: RHB Jeremiah Soto
|
0-0: Foul Ball, location: 2F 0-1: Ball 1-1: Called Strike 1-2: Strikes out looking
|
Batting: LHB Dave Lee
|
0-0: Ball 1-0: Ball 2-0: Ball 3-0: Base on Balls Félix Castro to second
|
Batting: RHB Jorge Pérez
|
0-0: Ball 1-0: Ball 2-0: Called Strike 2-1: Ball 3-1: Base on Balls Félix Castro to third Dave Lee to second
|
Batting: LHB Mike White
|
0-0: Ball 1-0: Foul Ball, location: 2F 1-1: Foul Ball, location: 2F 1-2: Ground out 6-3 (Groundball, 6)
|
Top of the 11th over - 0 run(s), 1 hit(s), 0 error(s), 3 left on base; Georgia 5 - West Virginia 5 |
BOTTOM OF THE 11TH |
West Virginia Mountaineers batting - Pitching for Georgia Bulldogs : RHP Tommy Johnson
|
Pitching: RHP Alex Richardson
|
|
Batting: LHB Buddy Rice
|
0-0: Ball 1-0: Ball 2-0: Ball 3-0: Called Strike 3-1: Base on Balls
|
Batting: RHB Bobby Armstrong
|
0-0: Foul Ball, location: 2F 0-1: Fielders Choice at 2nd, 6-4 (Groundball, 6M)
|
Batting: RHB Ramón Aranda
|
0-0: Fly out, F7 (Flyball, 78XD)
|
Batting: RHB Curt Watts
|
0-0: Ball 1-0: Swinging Strike 1-1: Called Strike 1-2: Strikes out swinging
|
Bottom of the 11th over - 0 run(s), 0 hit(s), 0 error(s), 1 left on base; Georgia 5 - West Virginia 5 |
TOP OF THE 12TH |
Georgia Bulldogs batting - Pitching for West Virginia Mountaineers : RHP Peter Davis
|
Batting: RHB John Dyer
|
0-0: Fly out, F7 (Flyball, 78M)
|
Batting: RHB Jesús Ortíz
|
0-0: Called Strike 0-1: Reached on error, E6 (Groundball, 6MS)
|
Batting: RHB Francisco Rodríguez
|
0-0: Called Strike 0-1: Ball 1-1: Ball Wild Pitch! Jesús Ortíz to second 2-1: Intentional Walk
|
Batting: SHB Lawrence Farley
|
0-0: Ball 1-0: Called Strike 1-1: Swinging Strike 1-2: Ball 2-2: Foul Ball, location: 2F 2-2: Foul Ball, location: 2F 2-2: Ball 3-2: Foul Ball, location: 2F 3-2: Fly out, F4 (Popup, 4D)
|
Batting: RHB Félix Castro
|
0-0: Swinging Strike 0-1: Foul Ball, location: 2F 0-2: Ball 1-2: Hit by Pitch Jesús Ortíz to third Francisco Rodríguez to second
|
Batting: RHB Jeremiah Soto
|
0-0: Called Strike 0-1: Fly out, F7 (Flyball, 78M)
|
Top of the 12th over - 0 run(s), 0 hit(s), 1 error(s), 3 left on base; Georgia 5 - West Virginia 5 |
BOTTOM OF THE 12TH |
West Virginia Mountaineers batting - Pitching for Georgia Bulldogs : RHP Alex Richardson
|
Batting: RHB Anthony Pearce
|
0-0: Ball 1-0: Foul Ball, location: 2F 1-1: Ground out 6-3 (Groundball, 6)
|
Batting: LHB John Stone
|
0-0: Called Strike 0-1: Ball 1-1: Called Strike 1-2: Ball 2-2: Ball 3-2: Foul Ball, location: 2F 3-2: Base on Balls
|
Batting: LHB Dave Gordon
|
0-0: Called Strike John Stone is caught stealing 2nd base 0-1: Called Strike 0-2: Strikes out swinging
|
Bottom of the 12th over - 0 run(s), 0 hit(s), 0 error(s), 0 left on base; Georgia 5 - West Virginia 5 |
TOP OF THE 13TH |
Georgia Bulldogs batting - Pitching for West Virginia Mountaineers : RHP Peter Davis
|
Batting: LHB Dave Lee
|
0-0: Called Strike 0-1: Ball 1-1: Hit by Pitch
|
Batting: RHB Jorge Pérez
|
0-0: Bunt missed! 0-1: Bunted foul 0-2: Ball 1-2: Fly out, F3 (Popup, 34)
|
Batting: LHB Mike White
|
0-0: Ball 1-0: SINGLE (Groundball, 6MD) Dave Lee to second
|
Batting: RHB John Dyer
|
0-0: Swinging Strike 0-1: Grounds into double play, 1-6-3 (Groundball, 15)
|
Top of the 13th over - 0 run(s), 1 hit(s), 0 error(s), 1 left on base; Georgia 5 - West Virginia 5 |
BOTTOM OF THE 13TH |
West Virginia Mountaineers batting - Pitching for Georgia Bulldogs : RHP Alex Richardson
|
Batting: LHB Charlie Hughes
|
0-0: Ball 1-0: Ball 2-0: Ball 3-0: Called Strike 3-1: Base on Balls
|
Batting: RHB Von Ford
|
0-0: Called Strike 0-1: Ball 1-1: Foul Ball, location: 2F 1-2: Ball 2-2: Fly out, F7 (Line Drive, 78M)
|
Batting: LHB Buddy Rice
|
0-0: Ball 1-0: Fly out, F3 (Line Drive, 3) 1-0: Lined into DP, U3 (Line Drive, 3)
|
Bottom of the 13th over - 0 run(s), 0 hit(s), 0 error(s), 0 left on base; Georgia 5 - West Virginia 5 |
TOP OF THE 14TH |
Georgia Bulldogs batting - Pitching for West Virginia Mountaineers : RHP Peter Davis
|
Batting: RHB Jesús Ortíz
|
0-0: Foul Ball, location: 2F 0-1: Ball 1-1: SINGLE (Line Drive, 56D)
|
Pitching: RHP Rob Young
|
|
Batting: RHB Francisco Rodríguez
|
0-0: Ball 1-0: Called Strike 1-1: Called Strike 1-2: SINGLE (Groundball, 56D) Jesús Ortíz to second
|
Batting: SHB Lawrence Farley
|
0-0: Grounds into double play, U4-3 (Groundball, 4) Jesús Ortíz to third
|
Batting: RHB Félix Castro
|
0-0: Fly out, F7 (Line Drive, 78M)
|
Top of the 14th over - 0 run(s), 2 hit(s), 0 error(s), 1 left on base; Georgia 5 - West Virginia 5 |
BOTTOM OF THE 14TH |
West Virginia Mountaineers batting - Pitching for Georgia Bulldogs : RHP Alex Richardson
|
Batting: RHB Bobby Armstrong
|
0-0: Called Strike 0-1: SOLO HOME RUN (Flyball, 7D), Distance : 342 ft
|
|